 Dungeon Crawl Stone Soup version 0.23-a0-473-gc8aadda (webtiles) character file.

42 Amnesiac the Digger (level 3, 14/14 HPs)
             Began as a Felid Earth Elementalist on Nov 27, 2018.
             Quit the game on level 5 of the Dungeon.
             The game lasted 00:03:46 (757 turns).

Amnesiac the Digger (Felid Earth Elementalist)       Turns: 757, Time: 00:03:46

Health: 14/14      AC:  7    Str:  4    XL:     3   Next: 33%
Magic:  8/8        EV: 24    Int: 17    God:
Gold:   54         SH:  0    Dex: 16    Spells: 0/7 levels left
                                        Lives:  0   Deaths: 1

rFire    . . .     SeeInvis +   (weapon unavailable)
rCold    . . .     Gourm    .   (shield unavailable)
rNeg     . . .     Faith    .   (armour unavailable)
rPois    .         Spirit   .   (helmet unavailable)
rElec    .         Reflect  .   (cloak unavailable)
rCorr    .         Harm     .   (gloves unavailable)
MR       .....                  (boots unavailable)
Stlth    +++.......             (no amulet)
HPRegen  0.04/turn              g - +6 ring of protection
MPRegen  0.11/turn              f - +6 ring of evasion

@: quick
A: very small, no armour, no weapons or thrown items, stealth, claws 1, fangs 3,
see invisible, carnivore, speed 1, shaggy fur 1, slow metabolism 1, sharp paws
a: no special abilities


You were on level 5 of the Dungeon.
You were not hungry.

You visited 1 branch of the dungeon, and saw 6 of its levels.

You collected 54 gold pieces.

Inventory:

Missiles
 b - 14 stones
Jewellery
 e - an uncursed ring of wizardry
 f - a +6 ring of evasion (right paw)
 g - a +6 ring of protection (left paw)
Scrolls
 a - 2 scrolls of teleportation {!r, unknown}
 h - a scroll of fog {!r, unknown}
 i - a scroll of immolation {!r, unknown}
 j - a scroll of identify {!r, unknown}
 k - a scroll of remove curse {!r, unknown}
 l - a scroll of enchant weapon {!r, unknown}
Potions
 d - a potion of magic {!q}
Comestibles
 c - 2 rations
 m - a chunk of flesh


   Skills:
 - Level 2.6 Dodging
 + Level 2.8 Stealth
 + Level 0.1 Unarmed Combat
 + Level 2.9 Spellcasting
 - Level 1.1 Transmutations
 * Level 4.1 Earth Magic


You couldn't memorise any spells.
You knew the following spells:

 Your Spells              Type           Power        Failure   Level  Hunger
a - Sandblast             Erth           ###...       3%          1    None
b - Passwall              Tmut/Erth      ##......     9%          2    ##.....
e - Petrify               Tmut/Erth      ##......     52%         4    ####...

Your spell library contained the following spells:

 Spells                   Type           Power        Failure   Level  Hunger
 Infusion                 Chrm           #...         19%         1    None
 Stone Arrow              Conj/Erth      #.....       22%         3    ###....
 Shroud of Golubria       Chrm/Tloc      #.........   26%         2    ##.....
 Song of Slaying          Chrm           #.......     26%         2    ##.....
 Regeneration             Chrm/Necr      #.........   47%         3    ###....
 Lee's Rapid Deconstruct  Erth           ###.......   65%         5    ######.
 Spectral Weapon          Hex/Chrm       Unusable     N/A         3    N/A

Dungeon Overview and Level Annotations

Branches:
Dungeon (6/15)
 Temple: D:4-7

Altars:
Cheibriados
Makhleb
Yredelemnul

Portals:
Sewer: D:5

Annotations:
D:4 Blork the orc


Innate Abilities, Weirdness & Mutations

You cannot wear armour.
You are incapable of wielding weapons or throwing items.
Your paws allow you to move quietly. (Stealth)
You have sharp claws.
You have razor-sharp teeth.
You have supernaturally acute eyesight. (SInv)
You are carnivorous and can eat meat at any time.
You cover ground quickly.
You are covered in fur. (AC +1)
You have a slow metabolism.
Your sharp claws are effective at attacking unaware monsters.


Message History

Aim: a centaur (moderately wounded)
The blast of sand misses the centaur.
b - 18 stones The centaur completely misses you.
The orc wizard mumbles some strange words.
The orc wizard flickers and vanishes for a moment.
Unknown command.
Casting: Sandblast (safe; 3% risk of failure)
Confirm with . or Enter, or press ? or * to list all spells.
Aiming: Sandblast (safe; 3% risk of failure)
Press: ? - help, Shift-Dir - straight line, f/p - centaur
Aim: a centaur (moderately wounded)
The blast of sand misses the centaur.
b - 17 stones The centaur barely misses you.
The centaur completely misses you.
Unknown command.
Casting: Sandblast (safe; 3% risk of failure)
Confirm with . or Enter, or press ? or * to list all spells.
Aiming: Sandblast (safe; 3% risk of failure)
Press: ? - help, Shift-Dir - straight line, f/p - centaur
Aim: a centaur (moderately wounded)
The blast of sand hits the centaur.
The centaur is heavily wounded.
b - 16 stones The orc hits you with a +0 short sword.
The orc wizard casts a spell.
The orc wizard seems to speed up.
The centaur misses you.
Unknown command.
Casting: Sandblast (safe; 3% risk of failure)
Confirm with . or Enter, or press ? or * to list all spells.
Aiming: Sandblast (safe; 3% risk of failure)
Press: ? - help, Shift-Dir - straight line, f/p - centaur
Aim: a centaur (heavily wounded)
The blast of sand hits the centaur.
The centaur is heavily wounded.
b - 15 stones The centaur hits you.
The orc misses you.
The orc wizard mumbles some strange words.
The orc wizard flickers and vanishes for a moment.
The centaur hits you.
* * * LOW HITPOINT WARNING * * *
Unknown command.
Casting: Sandblast (safe; 3% risk of failure)
Confirm with . or Enter, or press ? or * to list all spells.
Aiming: Sandblast (safe; 3% risk of failure)
Press: ? - help, Shift-Dir - straight line, f/p - centaur
Aim: a centaur (heavily wounded)
The blast of sand hits the centaur.
The centaur is heavily wounded.
b - 14 stones The orc hits you with a +0 short sword.
* * * LOW HITPOINT WARNING * * *
The centaur misses you.
Unknown command.
Really quaff
d - 2 yellow potions {!q}?
It was a potion of magic {!q}.
Magic courses through your body.
The centaur hits you but does no damage.
The centaur hits you!
You die...
You are now level 3!
You rejoin the land of the living...
Unknown command.
Unknown command.
Are you sure you want to abandon this character and quit the game? (Confirm

#...# .. #≈####
'.###...##########≈####
...'....(.......#÷#...
..#............#≈#... .
#............#∩#... #..
#.#†##########≈####
#...####c##.... ########
.......ooo......#.......
......o@........#.......
................#.......
#......#.##########.##.#
#.....PP.. ######
.....###... # .....
#.... # .... ..... #
.... ..#... # #


You could see a centaur, 2 orc wizards and 2 orcs.

Vanquished Creatures
  A hound (D:5)
  A jelly (D:5)
  2 adders
  A worm (D:3)
  A dart slug (D:5)
  An orc (D:5)
  A bat (D:2)
  2 hobgoblins (D:1)
  A quokka (D:5)
  A kobold (D:3)
  2 rats
14 creatures vanquished.

Notes
Turn   | Place    | Note
-------+----------+-------------------------------------------
     0 | D:1      | Amnesiac the Felid Earth Elementalist began the quest for
                  | the Orb.
     0 | D:1      | Reached XP level 1. HP: 7/7 MP: 4/4
   248 | D:3      | Reached skill level 3 in Earth Magic
   327 | D:2      | Found a basalt altar of Yredelemnul.
   331 | D:2      | Reached XP level 2. HP: 11/11 MP: 6/6
   335 | D:2      | Learned a level 2 spell: Passwall
   394 | D:4      | Noticed a scorpion
   430 | D:4      | Noticed Blork the orc
   440 | D:5      | Entered Level 5 of the Dungeon
   477 | D:5      | Found a burning altar of Makhleb.
   508 | D:5      | Reached XP level 3. HP: 13/14 MP: 2/8
   537 | D:5      | Found the +2 robe of Vines {NoPotionHeal Regen+7}
   560 | D:5      | Reached skill level 4 in Earth Magic
   560 | D:5      | Reached XP level 4. HP: 18/18 MP: 5/9
   566 | D:5      | Learned a level 4 spell: Petrify
   630 | D:5      | Found a snail-covered altar of Cheibriados.
   705 | D:5      | Noticed a sky beast
   724 | D:5      | Found a glowing drain.
   744 | D:5      | Noticed a centaur
   756 | D:5      | Slain by a centaur
   757 | D:5      | Reached XP level 3. HP: -1/14 MP: 8/8
   757 | D:5      | Quit the game

Vault maps used:
D:1:      doesnt_arrival_eight_statues
D:2:      zin_treasury, overflow_temple_1_default, uniq_crazy_yiuf_cottage
D:4:      lemuel_round_altar, first_ration, serial_shops, shop, minmay_bent,
          uniq_sigmund, uniq_blork_the_orc
D:5:      kennysheep_slug_shrine, overflow_temple_1_default,
          kiku_gazebo_garden_becter, bloody_makhleb, portal_sewer_entry_d
D:6:      chequers_serial_rivers_large_a

Skill      XL: |  1  2  3 |
---------------+----------+-----
Earth Magic    | 3 4 |  4.1
Dodging        | |  2.6
Stealth        | |  2.8
Unarmed Combat | |  0.1
Spellcasting   | |  2.9
Transmutations | |  1.1

Action                   |  1- 3 |  4- 6 || total
-------------------------+-------+-------++-------
Melee: Unarmed           |    22 |       ||    22
       Bite              |     1 |       ||     1
 Cast: Sandblast         |    11 |    11 ||    22
       Passwall          |     2 |     2 ||     4
  Use: Potion            |       |     1 ||     1
 Stab: Sleeping          |     5 |       ||     5
  Eat: Chunk             |     6 |     1 ||     7
Armor: Skin              |     2 |     1 ||     3
Dodge: Dodged            |    21 |    10 ||    31

Table legend:
 A = Non-vault XP
 B = Vault XP
 C = Vault XP percentage of total XP
 D = Non-vault monster count
 E = Vault monster count
 F = Vault count percentage of total count
                 A         B        C        D         E       F
            +---------+---------+-------+---------+---------+-------
      Total |     115 |      17 |  12.9 |      12 |       2 |  14.3
            +---------+---------+-------+---------+---------+-------
        D:1 |       4 |       0 |   0.0 |       2 |       0 |   0.0
        D:2 |      16 |       0 |   0.0 |       3 |       0 |   0.0
        D:3 |       7 |       0 |   0.0 |       3 |       0 |   0.0
        D:5 |      88 |      17 |  16.2 |       4 |       2 |  33.3
            +---------+---------+-------+---------+---------+-------
